 Dungeon Crawl Stone Soup version 0.28-a0-802-g09f76e8c00 (webtiles) character file.

Game seed: 18320876752246987871

4991 ders the Arsonist (level 10, 0/79 HPs)
             Began as a Gargoyle Fire Elementalist on Nov 7, 2021.
             Was a Follower of Vehumet.
             Slain by an eight-headed hydra (8 damage)
             ... on level 9 of the Dungeon.
             The game lasted 00:40:38 (14749 turns).

ders the Arsonist (Gargoyle Fire Elementalist)     Turns: 14749, Time: 00:40:39

Health: 0/79       AC: 29    Str: 12    XL:     10   Next: 54%
Magic:  2/21       EV:  2    Int: 19    God:    Vehumet [*.....]
Gold:   499        SH: 12    Dex: 14    Spells: 9/24 levels left

rFire   . . .      SeeInvis .   v - +2 rapier (elec)
rCold   + . .      Faith    .   d - +2 buckler
rNeg    + . .      Spirit   .   (armour currently unavailable)
rPois   ∞          Reflect  +   (helmet currently unavailable)
rElec   .          Harm     .   (cloak currently unavailable)
rCorr   .          Rampage  .   (gloves currently unavailable)
Will    .....      NoTele   +   (boots currently unavailable)
Stlth   ++........              g - amulet "Caduqool" {Reflect rC+ Dex+4 SH+5}
HPRegen 0.23/turn               E - +4 ring of protection
MPRegen 0.17/turn               (no ring)

@: swift (expiring), tree-form, quick
A: stationary, stasis, torment immunity, boosted hp, sickness immunity, AC +7,
negative energy resistance 1, (electricity resistance), torment resistance 1,
petrification resistance
a: Renounce Religion


You were on level 9 of the Dungeon.
You worshipped Vehumet.
Vehumet was aware of your devotion.
You were a tree.
You visited 2 branches of the dungeon, and saw 10 of its levels.
You also visited: Ossuary.

You collected 547 gold pieces.
You spent 48 gold pieces at shops.

Inventory:

Hand Weapons
 n - a +3 dire flail of freezing
 p - a +2 whip of freezing
 v - a +2 rapier of electrocution (weapon)
Armour
 a - a +0 robe (melded)
 d - a +2 buckler (worn)
 f - a +0 pair of gloves (melded)
Magical Staves
 b - a staff of poison
Jewellery
 g - the amulet "Caduqool" (around neck) {Reflect rC+ Dex+4 SH+5}
   (You acquired it on level 4 of the Dungeon)

   [amulet of reflection]

   It reflects blocked missile attacks.
   Dex:       It affects your dexterity (+4).
   rC:        It protects you from cold.
   SH:        It affects your SH (+5).
 D - an amulet of faith
 E - a +4 ring of protection (left branch)
Wands
 h - a wand of acid (19)
 o - a wand of polymorph (8)
 x - a wand of iceblast (3)
Scrolls
 c - 3 scrolls of amnesia
 e - 2 scrolls of silence
 j - a scroll of summoning
 l - 3 scrolls of teleportation
 m - a scroll of fear
 w - a scroll of blinking
 y - a scroll of holy word
 A - a scroll of magic mapping
 C - 6 scrolls of identify
 F - a scroll of vulnerability
Potions
 i - 3 potions of flight
 k - 3 potions of curing
 q - 4 potions of lignification
 r - a potion of heal wounds
 s - 3 potions of might
 t - 2 potions of attraction
 u - a potion of magic
 z - a potion of berserk rage
 B - a potion of ambrosia


   Skills:
 + Level 1.9 Fighting
 + Level 1.2 Short Blades
 + Level 0.4(0.5) Maces & Flails
 + Level 0.2(0.4) Staves
 - Level 1.6 Dodging
 - Level 2.3 Stealth
 - Level 4.0 Shields
 + Level 7.5 Spellcasting
 + Level 4.9 Conjurations
 + Level 4.6 Translocations
 + Level 9.9 Fire Magic
 + Level 1.2 Air Magic
 + Level 2.0 Poison Magic


You had 9 spell levels left.
You knew the following spells:

 Your Spells              Type           Power      Damage    Failure   Level
a - Foxfire               Conj/Fire      100%       2x1d9     1%          1
b - Scorch                Fire           88%        2d9       1%          2
c - Blink                 Tloc           48%        N/A       2%          2
d - Mephitic Cloud        Conj/Pois/Air  17%        N/A       10%         3
e - Flame Wave            Conj/Fire      35%        3d8       4%          4
f - Swiftness             Air            12%        N/A       17%         3

Your spell library contained the following spells:

 Spells                   Type           Power      Damage    Failure   Level
 Magic Dart               Conj           100%       1d8       1%          1
 Conjure Flame            Conj/Fire      35%        6-21      1%          3
 Shock                    Conj/Air       72%        1d7       2%          1
 Inner Flame              Hex/Fire       26%        N/A       3%          3
 Lesser Beckoning         Tloc           24%        N/A       4%          3
 Sting                    Tmut/Pois      44%        1d5       6%          1
 Manifold Assault         Tloc           24%        N/A       36%         5
 Olgreb's Toxic Radiance  Pois           14%        N/A       38%         4
 Airstrike                Air            6%         N/A       50%         4
 Agony                    Necr           7%         N/A       95%         5
 Excruciating Wounds      Necr           3%         N/A       95%         5


Dungeon Overview and Level Annotations

Branches:
Dungeon (9/15)             Temple (1/1) D:6         Ossuary (visited)
   Lair: D:8-11         Orc: D:9-12

Altars:
Ashenzari
Cheibriados
Dithmenos
Elyvilon
Fedhas
Gozag
Hepliaklqana
Kikubaaqudgha
Makhleb
Nemelex Xobeh
Okawaru
Qazlal
Ru
Sif Muna
Trog
Uskayaw
Vehumet
Wu Jian
Yredelemnul
Zin
The Shining One

Shops:
D:7 ?

Annotations:
D:3 Pikel


Innate Abilities, Weirdness & Mutations

You are a tree.
Your roots penetrate the ground, keeping you stationary.
You cannot be teleported.
You are immune to unholy pain and torment.
Your maximum health is greatly increased.
Your equipment is partially melded.
You are immune to sickness and miasma.
((Your stone body is resilient. (AC +7)))
You are immune to poison.
You resist negative energy. (rN+)
((You are resistant to electric shocks. (rElec)))
You are resistant to unholy torment.
You are immune to petrification.


Message History

Your +0 robe melds into your body.
Your roots penetrate the ground.
You start to feel a little slower.
You block the eight-headed hydra's attack.
The eight-headed hydra bites you but does no damage. x2
The eight-headed hydra bites you.
The eight-headed hydra bites you but does no damage. x3
The eight-headed hydra completely misses you.
Casting: Flame Wave (dangerous; 4% risk of failure)
Confirm with . or Enter, or press ? or * to list all spells.
Casting: Flame Wave (dangerous; 4% risk of failure)
Press: ? - help, Dir - look around, f - activate A wave of flame ripples out!
The flame wave engulfs the eight-headed hydra!
The eight-headed hydra is moderately wounded. (Press . to intensify the flame waves.)
You block the eight-headed hydra's attack.
The eight-headed hydra bites you but does no damage.
You block the eight-headed hydra's attack.
The eight-headed hydra bites you. The eight-headed hydra bites you!
* * * LOW HITPOINT WARNING * * *
The eight-headed hydra bites you but does no damage. x3
A wave of flame ripples out!
The flame wave engulfs the eight-headed hydra!!
The eight-headed hydra is heavily wounded.
You block the eight-headed hydra's attack. x3
The eight-headed hydra bites you.
* * * LOW HITPOINT WARNING * * *
The eight-headed hydra bites you but does no damage. x3
The eight-headed hydra bites you.
* * * LOW HITPOINT WARNING * * *
A wave of flame ripples out!
The flame wave engulfs the eight-headed hydra!!
The eight-headed hydra is almost dead.
You finish channelling waves of flame.
The eight-headed hydra bites you but does no damage.
You block the eight-headed hydra's attack.
The eight-headed hydra bites you!
* * * LOW HITPOINT WARNING * * *
The eight-headed hydra bites you!
You die...

#..........#.# #...
#.....)....#.# #...
#####)######.# ##..
#.## #.####... #..#
#....#..(
#####.#####........
#..................
#..D.......####....
#.♣........###..#.(
#..............###.
#..........##### ##
#..........#
#..........#
#..........#
#.>........#
############


You could see an eight-headed hydra.

Vanquished Creatures
  A queen bee (shapeshifter) (D:8)
  Prince Ribbit (D:7)
  A hornet (D:8)
  Sigmund (D:4)
  Eustachio (D:6)
  2 acid dragons
  3 water moccasins
  5 orc warriors
  An ice beast (D:7)
  2 sky beasts
  A black bear (D:4)
  A necrophage (D:4)
  3 centaurs
  4 lemures
  A kobold brigand (D:7)
  3 bullfrogs
  5 scorpions
  A water moccasin skeleton (D:6)
  3 water moccasin zombies (Ossuary)
  9 killer bees (D:7)
  4 wights
  5 howler monkeys
  A jelly (D:8)
  2 centaur zombies
  A bullfrog zombie (D:7)
  4 hounds
  3 orc priests
  A centaur skeleton (D:7)
  3 iguanas
  3 orc wizards
  A hound zombie (D:5)
  2 mummies (Ossuary)
  7 gnolls
  9 adders
  A river rat (D:4)
  2 white imps
  2 ufetubi
  A worm (D:3)
  2 dart slugs
  26 orcs
  3 ball pythons
  8 endoplasms
  4 giant cockroaches
  4 gnoll zombies (Ossuary)
  10 goblins
  8 hobgoblins
  4 jackals
  4 quokkas
  15 bats
  A frilled lizard (D:1)
  4 hobgoblin zombies (Ossuary)
  9 kobolds
  4 kobold zombies (Ossuary)
  3 orc zombies (Ossuary)
  7 rats
217 creatures vanquished.

Vanquished Creatures (others)
  334 foxfires
  15 fungi (D:5)
349 creatures vanquished.

Grand Total: 566 creatures vanquished

Notes
Turn   | Place    | Note
-------+----------+-------------------------------------------
     0 | D:1      | ders the Gargoyle Fire Elementalist began the quest for the
                  | Orb.
     0 | D:1      | Reached XP level 1. HP: 10/10 MP: 3/3
   258 | D:1      | Reached XP level 2. HP: 15/15 MP: 1/5
  1164 | D:1      | Reached XP level 3. HP: 19/19 MP: 3/6
  2312 | D:2      | Reached XP level 4. HP: 21/24 MP: 1/7
  2623 | D:3      | Learned a level 2 spell: Scorch
  3267 | D:3      | Got Kiweqao's Papyrus of Venom and Black Magic
  3283 | D:3      | Learned a level 2 spell: Blink
  3287 | D:3      | Learned a level 3 spell: Mephitic Cloud
  3384 | D:3      | Reached skill level 4 in Fire Magic
  3849 | D:4      | Identified a scroll of acquirement
  3849 | D:4      | Acquired the amulet "Caduqool" {Reflect rC+ Dex+4 SH+5}
  3863 | D:3      | Reached XP level 5. HP: 20/28 MP: 0/9
  4074 | D:4      | Found a glowing drain.
  4074 | D:4      | Noticed Sigmund
  4131 | D:4      | HP: 1/28 [something/puff of flame (13)]
  4659 | D:4      | Noticed a necrophage
  4682 | D:4      | Killed a necrophage
  4683 | D:4      | Reached skill level 1 in Shields
  4683 | D:4      | Reached skill level 1 in Translocations
  4683 | D:4      | Reached XP level 6. HP: 21/32 MP: 1/10
  4851 | D:4      | Noticed Pikel
  5811 | D:4      | Reached skill level 1 in Poison Magic
  6089 | D:4      | Found a shimmering blue altar of Sif Muna.
  6593 | D:4      | Killed Sigmund
  6594 | D:4      | Reached skill level 5 in Fire Magic
  6594 | D:4      | Reached XP level 7. HP: 8/37 MP: 6/12
  7227 | D:5      | Entered Level 5 of the Dungeon
  7374 | D:5      | Learned a level 4 spell: Flame Wave
  7581 | D:5      | Reached skill level 6 in Fire Magic
  7581 | D:5      | Reached XP level 8. HP: 33/42 MP: 0/14
  8061 | D:5      | HP: 2/63 [acid dragon/splash of acid (10)]
  8454 | D:5      | Found an opulent altar of Gozag.
  8685 | D:5      | Found a broken altar of Ashenzari.
  8807 | D:5      | Reached skill level 5 in Spellcasting
  8962 | D:4      | Reached skill level 1 in Fighting
  8962 | D:4      | Reached skill level 7 in Fire Magic
  9065 | D:5      | Reached XP level 9. HP: 47/47 MP: 11/16
  9133 | D:5      | Found a glowing golden altar of the Shining One.
  9322 | D:6      | Found a sand-covered staircase.
  9339 | Ossuary  | Entered an ossuary
 10116 | D:6      | Noticed Eustachio
 10481 | D:7      | Reached skill level 8 in Fire Magic
 10666 | D:7      | Noticed Prince Ribbit
 10671 | D:7      | Killed Prince Ribbit
 10699 | D:6      | Reached skill level 1 in Short Blades
 10802 | D:6      | Found a staircase to the Ecumenical Temple.
 10812 | Temple   | Entered the Ecumenical Temple
 10922 | Temple   | Became a worshipper of Vehumet
 11014 | D:6      | Killed Eustachio
 11688 | D:7      | Found Leptorgh's Magic Scroll Shop.
 11691 | D:7      | Bought a scroll of teleportation for 48 gold pieces
 11879 | D:7      | Reached skill level 9 in Fire Magic
 11879 | D:7      | Reached XP level 10. HP: 49/52 MP: 13/19
 12069 | D:7      | Reached skill level 1 in Air Magic
 12745 | D:8      | Reached * piety under Vehumet
 12745 | D:8      | Offered knowledge of Magic Dart by Vehumet.
 12762 | D:8      | Learned a level 3 spell: Swiftness
 12913 | D:8      | Noticed a salamander
 12929 | D:8      | a salamander changed into a queen bee
 13512 | D:8      | Found a blossoming altar of Fedhas.
 13737 | D:8      | Noticed a deep elf pyromancer
 13830 | D:9      | Found an iron altar of Okawaru.
 13834 | D:9      | Found a burning altar of Makhleb.
 13835 | D:9      | Found a sparkling altar of Nemelex Xobeh.
 13836 | D:9      | Found a hide-covered altar of Uskayaw.
 13838 | D:9      | Found a sacrificial altar of Ru.
 13839 | D:9      | Found a hazy altar of Hepliaklqana.
 14276 | D:9      | Noticed a cyclops
 14276 | D:9      | Noticed a two-headed ogre
 14373 | D:9      | Noticed a cyclops
 14373 | D:9      | Noticed an eight-headed hydra
 14749 | D:9      | Slain by an eight-headed hydra

Illustrated notes

Levels and vault maps discovered:
D:1:      matt_arrival_grand_opening, layout_basic
D:2:      layout_loops_ring, minmay_distorted
D:3:      layout_loops_ring
D:4:      layout_loops_ring, kennysheep_orc_sif_temple, portal_sewer_entry_a,
          hangedman_abyss_or_decor_passed, uniq_sigmund, uniq_pikel
D:5:      old_forge, layout_basic, mainiacjoe_overflow_alcove_2,
          mainiacjoe_overflow_surrounded_room, mainiacjoe_overflow_catwalk
D:6:      layout_loops_ring, minmay_temple_entry_hall,
          nicolae_ossuary_entry_false_entrances, uniq_eustachio
D:7:      layout_basic, serial_shops, nicolae_shop_behind_doors, enter_bailey_5,
          uniq_prince_ribbit1
D:8:      layout_basic, nicolae_overflow_crystal_walls
D:9:      cheibrodos_fzero, layout_rooms, kennysheep_little_box,
          grunt_temple_overflow_open, uniq_grum, uniq_erolcha
Temple:   compressed_dpeg_circular_temple

Skill      XL: |  1  2  3  4  5  6  7  8  9 10 |
---------------+-------------------------------+-----
Conjurations   | 2 3 4 |  4.9
Fire Magic     | 4 5 6 7 9 |  9.9
Spellcasting   | 3 4 5 6 7 |  7.5
Shields        | 1 2 3 4 |  4.0
Translocations | 1 2 3 4 |  4.6
Poison Magic   | 1 2 |  2.0
Fighting       | 1 |  1.9
Short Blades   | 1 |  1.2
Air Magic      | 1 |  1.2
Maces & Flails | |  0.4
Staves         | |  0.2
Dodging        | |  1.6
Stealth        | |  2.3

Action                   |  1- 3 |  4- 6 |  7- 9 | 10-12 || total
-------------------------+-------+-------+-------+-------++-------
Melee: Staff             |    27 |     9 |       |       ||    36
       Whip              |       |    19 |    42 |       ||    61
       Rapier            |       |       |    30 |     1 ||    31
 Cast: Foxfire           |    62 |    89 |    66 |       ||   217
       Scorch            |       |    50 |    82 |    44 ||   176
       Blink             |       |     6 |     3 |     1 ||    10
       Flame Wave        |       |       |    15 |    14 ||    29
       Mephitic Cloud    |       |       |     2 |       ||     2
       Swiftness         |       |       |       |     3 ||     3
  Use: Scroll            |     1 |     5 |     8 |     3 ||    17
       Potion            |     1 |     5 |     1 |     2 ||     9
Armor: Robe              |    38 |    47 |    46 |    21 ||   152
       Skin              |       |       |       |    13 ||    13
Dodge: Dodged            |    62 |    62 |    71 |    23 ||   218
Block: Buckler           |       |    65 |   122 |    53 ||   240
       Reflection        |       |     1 |     2 |    15 ||    18

Table legend: (Time is in decaauts)
 A = Elapsed time spent in this place.
 B = Non-inter-level travel time spent in this place.
 C = Inter-level travel time spent in this place.
 D = Time resting spent in this place.
 E = Time spent auto-exploring this place.
 F = Levels seen in this place.
 G = Mean time per level.
                   A        B        C        D        E       F      G
               +--------+--------+--------+--------+--------+-----+--------+
         Total |  14803 |  13871 |    932 |   6673 |   4628 |  11 | 1345.7 |
       Dungeon |  14262 |  13354 |    908 |   6477 |   4532 |   9 | 1584.7 |
        Temple |    135 |    111 |     24 |      0 |     96 |   1 |  135.0 |
       Ossuary |    404 |    404 |      0 |    196 |      0 |   1 |  404.0 |
               +--------+--------+--------+--------+--------+-----+--------+

Top non-repeatable levels by time:
     D:3: 2669 daAuts
     D:4: 2169 daAuts
     D:8: 1823 daAuts
     D:5: 1801 daAuts
     D:1: 1489 daAuts
     D:6: 1480 daAuts
     D:7: 1475 daAuts
     D:2: 1215 daAuts
 Ossuary: 404 daAuts
     D:9: 139 daAuts
  Temple: 135 daAuts
